 Dungeon Crawl Stone Soup version 0.23-a0-677-g07611c5 (webtiles) character file.

780 George the Cleaver (level 7, -8/52 HPs)
             Began as a Demonspawn Fighter on Jan 9, 2019.
             Killed by nerve-wracking pain
             ... invoked by an orc priest
              (12 damage)
             ... on level 5 of the Dungeon.
             The game lasted 00:05:10 (4013 turns).

George the Cleaver (Demonspawn Fighter)             Turns: 4013, Time: 00:05:11

Health: -8/52      AC: 12    Str: 18    XL:     7   Next: 55%
Magic:  0/7        EV:  4    Int: 10    God:
Gold:   187        SH:  9    Dex: 12    Spells: 6/6 levels left

rFire    + . .     SeeInvis .   a - +1 war axe
rCold    . . .     Gourm    .   c - +1 shield
rNeg     . . .     Faith    .   m - +0 chain mail
rPois    .         Spirit   +   (no helmet)
rElec    .         Reflect  .   (no cloak)
rCorr    .         Harm     .   (no gloves)
MR       .....                  (no boots)
Stlth    ..........             (no amulet)
HPRegen  0.17/turn              i - ring of protection from fire
MPRegen  0.10/turn              (no ring)

@: no status effects
A: iridescent scales 2, nightstalker 1, magic shield
a: no special abilities


You were on level 5 of the Dungeon.
You were hungry.

You visited 1 branch of the dungeon, and saw 5 of its levels.
You also visited: Sewer.

You collected 187 gold pieces.

Inventory:

Hand Weapons
 a - a +1 war axe (weapon)
Armour
 c - a +1 shield (worn)
 m - a +0 chain mail (worn)
Jewellery
 i - a ring of protection from fire (left hand)
Scrolls
 e - a scroll of immolation
 j - 5 scrolls of teleportation
 l - 2 scrolls of identify
 o - a scroll of magic mapping {unknown}
 s - a scroll of remove curse {unknown}
 t - a scroll of noise {unknown}
Potions
 b - 2 potions of berserk rage {unknown}
 d - a potion of might
 g - a potion of ambrosia
 h - a potion of brilliance {unknown}
 k - 3 potions of curing
 n - a potion of resistance
 p - a potion of agility {unknown}
 q - 4 potions of flight {unknown}
 r - a potion of heal wounds {unknown}
Comestibles
 f - 6 rations


   Skills:
 - Level 3.0 Fighting
 + Level 8.0 Axes
 - Level 2.6 Armour
 - Level 2.6 Shields


You had 6 spell levels left.
You didn't know any spells.
Your spell library contained the following spells:

 Spells                   Type           Power        Failure   Level  Hunger
 Summon Small Mammal      Summ           #...         100%        1    ##.....
 Call Imp                 Summ           #.......     100%        2    ###....
 Call Canine Familiar     Summ           #.......     100%        3    ####...
 Summon Guardian Golem    Hex/Summ       #.......     100%        3    ####...
 Summon Ice Beast         Ice/Summ       #.......     100%        4    #####..
 Summon Lightning Spire   Summ/Air       #.......     100%        4    #####..


Dungeon Overview and Level Annotations

Branches:
Dungeon (5/15)
 Temple: D:4-7

Altars:
Makhleb


Innate Abilities, Weirdness & Mutations

You are mostly covered in iridescent scales. (AC +4)
You are slightly more attuned to the shadows.
When hurt, damage is shared between your health and your magic reserves.


Message History

You block the orc wizard's attack.
The orc priest mumbles some strange prayers to Beogh against you.
Beogh smites you!
* * * LOW HITPOINT WARNING * * *
The orc priest calls upon Beogh to heal the orc.
The orc's wounds heal themselves!
The orc wizard gestures at you while chanting.
The magic dart hits you! The ogre closely misses you.
The orc priest begins to cast a cantrip, but forgets the words!
You block the orc wizard's attack.
The orc wizard casts a spell.
The orc wizard blinks!
An orc comes into view. It is wielding a +0 flail.
An ooze comes into view.
The ooze quivers.
You slash the ooze!
You kill the ooze!
The orc priest mumbles some strange prayers to Beogh against you.
Pain shoots through your body!
You die...

# #.##### # ...
#.#.?<#. ....##.##...
....##.##.#####
.....))........
##o.[.....######
.................
#######o##.....######
#...@.oO....####
....#####.###.# #####
#.# #.# #(..# #o###.#
#.#.# #...o.# #.#.#
####### #.#.# #<#.#
###.# #######


You could see an ogre, an orc priest and an orc.

Vanquished Creatures
  2 phantoms (D:4)
  A big kobold (Sewer)
  A crimson imp (D:5)
  2 hounds
  An orc priest (D:5)
  6 orc wizards (D:5)
  An iguana (D:5)
  2 worker ants
  8 adders
  A river rat (Sewer)
  An ooze (D:5)
  7 worms
  3 leopard geckos
  7 orcs (D:5)
  A ball python (D:5)
  4 giant cockroaches
  5 goblins
  A hobgoblin (D:2)
  2 jackals (Sewer)
  A quokka (D:3)
  9 bats
  3 frilled lizards
  7 kobolds
  A quokka skeleton (D:4)
  15 rats
92 creatures vanquished.

Notes
Turn   | Place    | Note
-------+----------+-------------------------------------------
     0 | D:1      | George the Demonspawn Fighter began the quest for the Orb.
     0 | D:1      | Reached XP level 1. HP: 18/18 MP: 1/1
    55 | D:1      | Reached skill level 2 in Axes
   334 | D:1      | Gained mutation: You are partially covered in iridescent
                  | scales. (AC +2) [demonic ancestry]
   334 | D:1      | Reached XP level 2. HP: 20/24 MP: 2/2
   721 | D:2      | Reached skill level 3 in Axes
   894 | D:2      | Reached XP level 3. HP: 14/29 MP: 3/3
  1462 | D:2      | Reached skill level 4 in Axes
  1462 | D:2      | Reached XP level 4. HP: 22/35 MP: 4/4
  1843 | D:2      | Found a burning altar of Makhleb.
  2583 | D:3      | Found a glowing drain.
  2591 | Sewer    | Entered a sewer
  2601 | Sewer    | Gained mutation: You are slightly more attuned to the
                  | shadows. [demonic ancestry]
  2601 | Sewer    | Reached XP level 5. HP: 24/41 MP: 5/5
  2797 | Sewer    | Reached skill level 5 in Axes
  2812 | Sewer    | Found a white marble altar of Elyvilon.
  3168 | D:4      | Noticed a phantom
  3175 | D:4      | Noticed a phantom
  3199 | D:4      | Killed a phantom
  3199 | D:4      | Reached skill level 6 in Axes
  3199 | D:4      | Gained mutation: When hurt, damage is shared between your
                  | health and your magic reserves. [demonic ancestry]
  3199 | D:4      | Reached XP level 6. HP: 33/47 MP: 6/6
  3654 | D:5      | Entered Level 5 of the Dungeon
  3688 | D:5      | Reached skill level 7 in Axes
  3688 | D:5      | Gained mutation: You are mostly covered in iridescent
                  | scales. (AC +4) [demonic ancestry]
  3688 | D:5      | Reached XP level 7. HP: 37/52 MP: 4/7
  3997 | D:5      | Reached skill level 8 in Axes
  4000 | D:5      | HP: 2/52 [orc priest/divine providence (12)]
  4013 | D:5      | Killed from afar by an orc priest

Vault maps used:
D:1:      minmay_arrival_open_corners, minmay_pentomino_r2
D:2:      lemuel_coloured_pillars_altar, first_ration
D:3:      cheibrodos_sewer_entry_bend
D:4:      cheibrodos_thug_alley, gammafunk_ghost_stat_death, serial_park_tiny_1
D:5:      minmay_a_box_with_orc_wizards_in_it
Sewer:    sewer_kobolds

Skill      XL: |  1  2  3  4  5  6  7 |
---------------+----------------------+-----
Axes           | 2 3 4 6 7 8 |  8.0
Fighting       | |  3.0
Armour         | |  2.6
Shields        | |  2.6

Action                   |  1- 3 |  4- 6 |  7- 9 || total
-------------------------+-------+-------+-------++-------
Melee: War axe           |   121 |   160 |    55 ||   336
  Use: Scroll            |       |     9 |       ||     9
       Potion            |       |     1 |       ||     1
  Eat: Chunk             |     2 |     7 |     1 ||    10
Armor: Scale mail        |    78 |    54 |       ||   132
       Chain mail        |       |    38 |    49 ||    87
Dodge: Dodged            |    53 |    33 |    12 ||    98
Block: Shield            |    72 |    87 |    34 ||   193

Table legend:
 A = Non-vault XP
 B = Vault XP
 C = Vault XP percentage of total XP
 D = Non-vault monster count
 E = Vault monster count
 F = Vault count percentage of total count
                 A         B        C        D         E       F
            +---------+---------+-------+---------+---------+-------
      Total |     773 |     342 |  30.7 |      72 |      20 |  21.7
            +---------+---------+-------+---------+---------+-------
        D:1 |      20 |       2 |   9.1 |      14 |       2 |  12.5
        D:2 |     140 |       0 |   0.0 |      22 |       0 |   0.0
        D:3 |      30 |      10 |  25.0 |      11 |       2 |  15.4
        D:4 |     348 |       0 |   0.0 |       9 |       0 |   0.0
        D:5 |     235 |     200 |  46.0 |      16 |       5 |  23.8
      Sewer |       0 |     130 | 100.0 |       0 |      11 | 100.0
            +---------+---------+-------+---------+---------+-------
